 Dungeon Crawl Stone Soup version 0.31-a0-1-g4198be8af4 (webtiles) character file.

Game seed: 10282773697018788998

5231 jasper the Cleaver (level 10, -9/77 HPs)
             Began as a Demonspawn Cinder Acolyte on May 1, 2023.
             Was a Priest of Ignis.
             Mangled by a sixfirhy (10 damage)
             ... summoned by an orc high priest
             ... in a bailey.
             The game lasted 00:11:17 (9623 turns).

jasper the Cleaver (Demonspawn Cinder Acolyte)      Turns: 9623, Time: 00:11:17

Health: -9/77      AC: 15    Str: 18    XL:     10   Next: 35%
Magic:  11/11      EV:  5    Int: 15    God:    Ignis [***...]
Gold:   474        SH:  0    Dex: 10    Spells: 11/11 levels left

rFire   + . .        y - +0 battleaxe
rCold   . . .        (shield currently unavailable)
rNeg    . . .        H - +0 plate armour
rPois   .            (no helmet)
rElec   .            (no cloak)
rCorr   .            (no gloves)
SInv    .            (boots unavailable)
Will    .....        (no amulet) Stlth
                     (no ring)
HPRegen 0.32/turn    (no ring)
MPRegen 0.12/turn

%: no passive effects
@: about to teleport, corroded, fiery-armoured
A: hooves 3, powered by death 2, powered by pain 1
a: Renounce Religion, Fiery Armour, Foxfire Swarm, Rising Flame


You were in a bailey.
You worshipped Ignis.
Ignis was most pleased with you.
You visited 1 branch of the dungeon, and saw 9 of its levels.
You also visited: Bailey.

You collected 474 gold pieces.

Inventory:

Hand Weapons
 a - a +0 hand axe of flaming
 k - a +0 war axe
 l - a +0 morningstar of protection
 y - a +0 battleaxe (weapon)
 I - a +3 executioner's axe of flaming
Missiles
 i - 95 stones
 q - 6 boomerangs
 u - 3 curare-tipped darts
 v - 6 poisoned darts (quivered)
Armour
 b - a +0 robe
 e - a +1 chain mail
 o - a scarf of shadows
 H - a +0 plate armour (worn)
Jewellery
 E - an amulet of the acrobat
Wands
 p - a wand of flame (28)
 s - a wand of polymorph (14)
 t - a wand of iceblast (5)
Scrolls
 d - 2 scrolls of immolation
 f - a scroll of enchant weapon
 D - 2 scrolls of poison
 F - a scroll of amnesia
Potions
 c - 3 potions of degeneration
 g - 2 potions of brilliance
 h - a potion of might
 j - 3 potions of mutation
 m - 2 potions of ambrosia {unknown}
 n - a potion of heal wounds {unknown}
 r - a potion of attraction {unknown}
 x - 2 potions of cancellation {unknown}
 z - a potion of lignification {unknown}
 A - a potion of curing
 B - a potion of resistance {unknown}
 C - a potion of invisibility {unknown}


   Skills:
 + Level 6.4 Fighting
 * Level 12.3 Axes
 + Level 5.0 Armour
 - Level 1.0 Spellcasting
 - Level 2.6 Fire Magic


You had 11 spell levels left.
You didn't know any spells.
Your spell library contained the following spells:

 Spells                   Type           Power      Damage    Failure   Level
 Scorch                   Fire           16%        2d6       99%         2
 Freeze                   Ice            0%         1d3       100%        1
 Magic Dart               Conj           0%         1d3       100%        1
 Call Imp                 Summ           0%         N/A       100%        2
 Poisonous Vapours        Pois/Air       0%         N/A       100%        2
 Frozen Ramparts          Ice            0%         1d1       100%        3
 Hailstorm                Conj/Ice       0%         3d3       100%        3
 Inner Flame              Hex/Fire       4%         N/A       100%        3
 Mephitic Cloud           Conj/Pois/Air  0%         N/A       100%        3
 Ice Form                 Ice/Tmut       0%         N/A       100%        4
 Summon Ice Beast         Ice/Summ       0%         N/A       100%        4
 Freezing Cloud           Conj/Ice/Air   0%         6-21      100%        5
 Yara's Violent Unravell  Hex/Tmut       0%         3d3       100%        5
 Enfeeble                 Hex            0%         N/A       100%        7


Dungeon Overview and Level Annotations

Branches:
Dungeon (9/15)             Temple (0/1) D:6          Bailey (1/1)
   Lair: D:8-11         Orc: D:9-12

Altars:
Fedhas
Uskayaw

Shops:
D:5 *


Innate Abilities, Weirdness & Mutations

You have hooves in place of feet.
You regenerate health from kills.
You sometimes gain a little power by taking damage.


Message History

The sixfirhy is burned by your cloak of flames.
The sixfirhy is moderately wounded.
The sixfirhy hits you. The sixfirhy shocks you!
The sixfirhy is burned by your cloak of flames.
The sixfirhy is moderately wounded.
The orc warrior hits you but does no damage.
The orc high priest hits you with a +0 broad axe.
The orc high priest is burned by your cloak of flames.
The orc high priest is moderately wounded.
The rust devil hits you! The rust devil corrodes you!
The rust devil completely resists.
You take 30 damage, and have 25/77 hp.
MASSIVE DAMAGE!!
You barely miss the orc high priest.
You kick the orc high priest, but do no damage.
The orc high priest is moderately wounded.
You hit the rust devil but do no damage.
You miss the sixfirhy. You barely miss the orc warrior.
The orc high priest utters an invocation to Beogh.
The orc warrior barely misses you. The rust devil barely misses you.
Okay, then.
Blink to where?
Press: ? - help, Dir - move target
As you read the scroll of blinking, it crumbles to dust.
The orc high priest yells repeatedly, in orcish tradition.
The hellwing hits you but does no damage.
The hellwing is burned by your cloak of flames.
The hellwing is lightly wounded.
The hellwing hits you but does no damage.
As you read the scroll of teleportation, it crumbles to dust.
You feel strangely unstable. The sixfirhy hits you!
* * * LOW HITPOINT WARNING * * *
The sixfirhy shocks you!
* * * LOW HITPOINT WARNING * * *
The sixfirhy is burned by your cloak of flames.
The sixfirhy is moderately wounded.
The sixfirhy hits you!
* * * LOW HITPOINT WARNING * * *
The sixfirhy shocks you!
You die...

#≈≈≈≈ #.#..'........
#≈≈≈≈≈#'#..#############
#≈≈≈≈≈#...)'.....#).....
#≈≈≈≈≈#....#.....).8.8.8
#≈≈≈≈≈#.##############..
#≈≈≈≈≈~.#[[+ #..
#≈≈≈≈≈~.#[[# #..
#≈≈≈≈≈~.#..# ###
#≈≈≈≈≈~@######### #.
#≈≈≈≈≈~3#4.8.8..# #.
#≈≈≈≈≈~∩.oo.....+ #.
#≈≈≈≈≈~.#4.8.8..# #.
#≈≈≈≈≈~.######### #.
#≈≈≈≈≈~.# ## #≈≈≈≈≈~.#
#≈≈≈≈≈~.# #≈≈≈≈≈#.#


You could see a rust devil (summoned) and a sixfirhy (summoned).

Vanquished Creatures
  Grinder (D:4)
  Sigmund (D:2)
  A shadow (D:7)
  6 yaks (D:6)
  2 wyverns
  Eustachio (D:5)
  Duvessa (D:7)
  2 water moccasins
  3 orc warriors (Bailey)
  A black bear (D:7)
  An ogre (D:6)
  2 ice beasts
  The ghost of superbruh the Covered, an amateur GrFi (D:4)
  2 phantoms (D:4)
  A kobold brigand (D:4)
  2 bullfrogs (D:8)
  Blork the orc (D:5)
  4 scorpions
  6 wights
  9 killer bees
  Dowan (D:7)
  2 electric eels (Bailey)
  5 howler monkeys (D:8)
  5 hounds
  A jelly (D:5)
  4 orc priests
  2 sleepcaps
  A gnoll bouda (D:5)
  2 iguanas
  3 orc wizards
  4 gnolls (D:5)
  6 adders
  A river rat (D:5)
  A shadow imp (D:6)
  7 white imps
  An ufetubus (D:5)
  4 worms
  13 orcs
  6 ball pythons
  5 endoplasms
  A giant cockroach (D:5)
  14 goblins
  6 hobgoblins
  8 jackals
  5 quokkas
  6 bats
  5 frilled lizards
  17 kobolds
  7 rats
191 creatures vanquished.

Vanquished Creatures (others)
  2 fungi (D:4)
  2 plants (D:4)
4 creatures vanquished.

Grand Total: 195 creatures vanquished

Notes
Turn   | Place    | Note
-------+----------+-------------------------------------------
     0 | D:1      | jasper the Demonspawn Cinder Acolyte began the quest for
                  | the Orb.
     0 | D:1      | Reached XP level 1. HP: 18/18 MP: 2/2
   218 | D:1      | Reached skill level 3 in Axes
   340 | D:1      | Gained mutation: You have large cloven feet. [demonic
                  | ancestry]
   340 | D:1      | Reached XP level 2. HP: 4/24 MP: 3/3
   587 | D:1      | You fall into a shaft and drop 1 floor!
  1322 | D:2      | Gained mutation: You sometimes gain a little power by
                  | taking damage. [demonic ancestry]
  1322 | D:2      | Reached XP level 3. HP: 29/29 MP: 4/4
  1513 | D:2      | Found a faded altar of an unknown god.
  1534 | D:2      | Reached skill level 4 in Axes
  1923 | D:2      | Gained mutation: You have hoof-like feet. [demonic
                  | ancestry]
  1923 | D:2      | Reached XP level 4. HP: 35/35 MP: 5/5
  1968 | D:2      | Noticed Sigmund
  1975 | D:2      | Killed Sigmund
  1976 | D:2      | Reached skill level 5 in Axes
  1976 | D:2      | Reached XP level 5. HP: 34/41 MP: 6/6
  2124 | D:2      | Reached skill level 6 in Axes
  2390 | D:3      | Found a hide-covered altar of Uskayaw.
  2620 | D:3      | Gained mutation: You regenerate a little health from kills.
                  | [demonic ancestry]
  2620 | D:3      | Reached XP level 6. HP: 34/47 MP: 7/7
  3358 | D:4      | Found a runed translucent gate.
  3358 | D:4      | Found a runed translucent gate.
  3361 | D:4      | Found a runed translucent gate.
  3361 | D:4      | Noticed superbruh's ghost (amateur GrFi)
  3483 | D:4      | Reached skill level 7 in Axes
  3497 | D:4      | Gained mutation: You have hooves in place of feet. [demonic
                  | ancestry]
  3497 | D:4      | Reached XP level 7. HP: 30/52 MP: 8/8
  3646 | D:4      | Reached skill level 8 in Axes
  3931 | D:4      | Noticed Grinder
  3939 | D:4      | Paralysed by Grinder for 2 turns
  3941 | D:4      | Killed Grinder
  4291 | D:4      | Reached skill level 9 in Axes
  4291 | D:4      | Reached XP level 8. HP: 58/58 MP: 9/9
  4299 | D:4      | Killed superbruh's ghost
  4403 | D:5      | Entered Level 5 of the Dungeon
  4454 | D:5      | Found Joibus's Overcharged Wands.
  4841 | D:5      | Reached skill level 10 in Axes
  5497 | D:5      | Noticed Eustachio
  5505 | D:5      | Reached skill level 1 in Armour
  5543 | D:5      | Killed Eustachio
  5963 | D:5      | Noticed Blork the orc
  5974 | D:5      | Killed Blork the orc
  6222 | D:6      | Found a staircase to the Ecumenical Temple.
  6273 | D:6      | Gained mutation: You regenerate health from kills. [demonic
                  | ancestry]
  6273 | D:6      | Reached XP level 9. HP: 35/65 MP: 10/10
  6287 | D:6      | Reached skill level 11 in Axes
  6645 | D:6      | Reached skill level 5 in Fighting
  7364 | D:7      | Noticed Duvessa
  7374 | D:7      | Killed Duvessa
  7374 | D:7      | Noticed Dowan
  7376 | D:7      | Killed Dowan
  8337 | D:8      | Reached XP level 10. HP: 76/76 MP: 11/11
  8375 | D:8      | Found a blossoming altar of Fedhas.
  8401 | D:8      | Reached skill level 12 in Axes
  8481 | D:8      | HP: 3/76 [poisoned by a killer bee]
  9289 | D:9      | Found a flagged portal.
  9304 | Bailey   | Entered a bailey
  9541 | Bailey   | Reached skill level 5 in Armour
  9555 | Bailey   | Acquired a +3 executioner's axe of flaming
  9613 | Bailey   | Noticed an orc high priest
  9619 | Bailey   | Noticed a sixfirhy
  9619 | Bailey   | Noticed a rust devil
  9623 | Bailey   | HP: 1/77 [sixfirhy[an orc high priest] (7)]
  9623 | Bailey   | Mangled by a sixfirhy

Illustrated notes

Levels and vault maps discovered:
D:1:      ebering_hopf_link, layout_loops_ring, minmay_misc_feat_four_crosses
D:2:      layout_loops_corners, chequers_ecumenical_altar_simple_redux,
          kennysheep_generic_room_14, uniq_sigmund
D:3:      layout_basic, nicolae_uskayaw_murder_on_the_dancefloor
D:4:      layout_cave_pods, gammafunk_ghost_nasty_kobolds, dk_noncrumbling_3,
          uniq_grinder
D:5:      minmay_inner_zag, layout_loops_corners, gup_sewer_entry_bowl,
          serial_bayou_ford_a, hangedman_abyss_or_decor_passed,
          minmay_misc_feat_nine_boxes, ebering_dispersal_statue_hall,
          grunt_ministairs_2, nicolae_shop_overcharged_wands,
          uniq_blork_the_orc, uniq_eustachio
D:6:      layout_basic, minmay_temple_entry_waves
D:7:      layout_basic, uniq_duvessa
D:8:      layout_loops_ring, old_standard_altar
D:9:      layout_basic, nicolae_ru_path_of_blood, enter_bailey_3, uniq_maggie,
          uniq_harold
Bailey:   bailey_axe_of_yendor_kennysheep, bailey

Skill      XL: |  1  2  3  4  5  6  7  8  9 10 |
---------------+-------------------------------+-----
Axes           | 3 4 5 6 7 9 10 11 12 | 12.3
Armour         | 2 4 5 |  5.0
Fighting       | 4 5 6 |  6.4
Spellcasting   | |  1.0
Fire Magic     | |  2.6

Action                     |  1- 3 |  4- 6 |  7- 9 | 10-12 || total
---------------------------+-------+-------+-------+-------++-------
  Melee: Hand axe          |   127 |    10 |       |       ||   137
         Kick              |    15 |    18 |   101 |    21 ||   155
         War axe           |       |    68 |   292 |     9 ||   369
         Punch             |       |       |     4 |       ||     4
         Unarmed           |       |       |    26 |       ||    26
         Battleaxe         |       |       |       |    94 ||    94
  Throw: Stone             |     2 |       |       |       ||     2
         Dart              |       |       |     2 |     1 ||     3
 Invoke: Fiery Armour      |       |     2 |     4 |     1 ||     7
  Evoke: Wand              |       |       |     1 |     3 ||     4
    Use: Scroll            |     6 |     3 |     8 |     3 ||    20
         Potion            |       |       |     1 |       ||     1
 Armour: Chain mail        |    59 |    29 |   138 |    44 ||   270
         Robe              |     2 |       |       |       ||     2
         Skin              |       |       |     3 |       ||     3
         Plate armour      |       |       |       |    14 ||    14
  Dodge: Dodged            |    49 |    33 |   122 |    43 ||   247

Table legend: (Time is in decaauts)
 A = Elapsed time spent in this place.
 B = Non-inter-level travel time spent in this place.
 C = Inter-level travel time spent in this place.
 D = Time resting spent in this place.
 E = Time spent auto-exploring this place.
 F = Levels seen in this place.
 G = Mean time per level.
                   A        B        C        D        E       F      G
               +--------+--------+--------+--------+--------+-----+--------+
         Total |   9673 |   9409 |    264 |    751 |   7143 |  10 |  967.3 |
       Dungeon |   9351 |   9087 |    264 |    636 |   7043 |   9 | 1039.0 |
        Bailey |    322 |    322 |      0 |    115 |    100 |   1 |  322.0 |
               +--------+--------+--------+--------+--------+-----+--------+

Top non-repeatable levels by time:
     D:5: 1780 daAuts
     D:4: 1351 daAuts
     D:2: 1206 daAuts
     D:6: 1123 daAuts
     D:1: 1108 daAuts
     D:7: 1028 daAuts
     D:8: 954 daAuts
     D:3: 777 daAuts
  Bailey: 322 daAuts
     D:9: 21 daAuts
